 Dungeon Crawl Stone Soup version 0.24-a0-388-gb57f36d6e0 (webtiles) character file.

Game seed: 4102086262566734901

4942 MachJacob the Conjurer (level 10, 0/71 HPs)
             Began as a Demonspawn Wizard on June 4, 2019.
             Was a Believer of Qazlal.
             Killed from afar by an orc warrior (8 damage)
             ... with an iceblast
             ... on level 9 of the Dungeon.
             The game lasted 00:53:07 (15717 turns).

MachJacob the Conjurer (Demonspawn Wizard)         Turns: 15717, Time: 00:53:07

Health: 0/71       AC:  6    Str:  8    XL:     10   Next: 28%
Magic:  14/29      EV: 15    Int: 22    God:    Qazlal [**....]
Gold:   485        SH:  8    Dex: 18    Spells: 11/22 levels left

rFire    + . .     SeeInvis .   I - +3 scimitar (flame)
rCold    + . .     Gourm    .   l - +0 buckler
rNeg     . . .     Faith    .   n - +2 robe {rC+ rF+}
rPois    .         Spirit   .   b - +1 hat
rElec    .         Reflect  .   x - +0 cloak
rCorr    .         Harm     .   (no gloves)
MR       .....                  (no boots)
Stlth    +++.......             k - amulet of magic regeneration
HPRegen  0.21/turn              m - ring of magical power
MPRegen  0.46/turn              (no ring)

@: no status effects
A: claws 1, thin skeletal structure 3, powered by death 1, rot immunity
a: Upheaval, Renounce Religion


You were on level 9 of the Dungeon.
You worshipped Qazlal.
Qazlal was pleased with you.
You were hungry.

You visited 2 branches of the dungeon, and saw 11 of its levels.
You also visited: Ossuary.

You collected 485 gold pieces.

Inventory:

Hand Weapons
 h - a +0 dagger
 i - a +2 whip of draining
 s - the +1 arbalest of Havoc {elec, rF+ Stlth+, unknown}
   (You found it on level 6 of the Dungeon)

   It charges the ammunition it shoots with electricity; occasionally upon a
   hit, such missiles may discharge and cause terrible harm.
   It protects you from fire.
   It makes you more stealthy.
 I - a +3 scimitar of flaming (weapon)
Missiles
 f - 242 stones (quivered)
 B - 3 throwing nets {!f}
Armour
 b - a +1 hat (worn)
 l - a +0 buckler (worn)
 n - a +2 robe of resistance (worn)
 x - a +0 cloak (worn)
Jewellery
 k - an amulet of magic regeneration (around neck)
 m - a ring of magical power (left claw)
 v - an uncursed amulet of faith {unknown}
 y - an uncursed ring of fire
 D - an uncursed amulet of guardian spirit {unknown}
 F - a cursed amulet of inaccuracy {unknown}
Wands
 p - a wand of iceblast (21)
 w - a wand of enslavement (5)
 A - a wand of flame (24)
 E - a wand of polymorph (4)
 H - a wand of disintegration (11)
Scrolls
 a - 6 scrolls of teleportation
 g - 2 scrolls of fog
 j - 6 scrolls of remove curse
 o - a scroll of enchant weapon
 u - a scroll of amnesia
 C - a scroll of blinking
 G - 2 scrolls of enchant armour
Potions
 c - 2 potions of flight
 e - 3 potions of agility
 q - a potion of mutation
 r - 5 potions of curing
 t - a potion of lignification
 z - 5 potions of might
Comestibles
 d - 19 rations


   Skills:
 + Level 4.1 Fighting
 - Level 5.0 Dodging
 - Level 1.7 Stealth
 - Level 4.0 Shields
 + Level 6.9 Spellcasting
 - Level 7.3 Conjurations
 - Level 3.0 Summonings
 * Level 2.5 Translocations
 - Level 4.1 Fire Magic
 - Level 3.0 Air Magic
 - Level 3.1 Poison Magic


You had 11 spell levels left.
You knew the following spells:

 Your Spells              Type           Power        Failure   Level  Hunger
a - Magic Dart            Conj           ####         1%          1    None
b - Call Imp              Summ           ###.....     3%          2    None
c - Conjure Flame         Conj/Fire      ####....     2%          3    None
e - Mephitic Cloud        Conj/Pois/Air  ####....     4%          3    None
q - Blink                 Tloc           N/A          4%          2    None

Your spell library contained the following spells:

 Spells                   Type           Power        Failure   Level  Hunger
 Slow                     Hex            #.......     13%         2    None


Dungeon Overview and Level Annotations

Branches:
Dungeon (10/15)            Temple (1/1) D:7             Orc (0/2) D:9
   Lair: D:8-11

Altars:
Ashenzari
Cheibriados
Dithmenos
Elyvilon
Fedhas
Gozag
Hepliaklqana
Kikubaaqudgha
Makhleb
Nemelex Xobeh
Okawaru
Qazlal
Sif Muna
Trog
Uskayaw
Vehumet
Wu Jian
Xom
Yredelemnul
Zin
The Shining One

Shops:
D:9 *   D:10 *

Annotations:
D:8 2 transporters, firegrace's ghost, novice MiFi
D:10 2 runed translucent doors, Harold


Innate Abilities, Weirdness & Mutations

You have sharp fingernails.
You have an unnaturally thin skeletal structure. (Dex +6, Stealth++)
You regenerate a little health from kills.
You are immune to rotting.


Message History

Confirm with . or Enter, or press ? or * to list all spells.
Aiming: Magic Dart (safe; 1% risk of failure)
Press: ? - help, Shift-Dir - straight line, f/p - orc warrior
Aim: an orc warrior, wielding a +0 great mace, wearing a +0 plate armour, wearing a cursed -2 ring of evasion and carrying a wand of iceblast (10) (lightly wounded)
The magic dart hits the orc warrior but does no damage.
The orc warrior is lightly wounded.
The orc warrior zaps a wand.
The mass of ice explodes!
The iceblast engulfs you! You partially resist.
* * * LOW HITPOINT WARNING * * *
The iceblast engulfs your shadow imp.
Casting: Magic Dart (safe; 1% risk of failure)
Confirm with . or Enter, or press ? or * to list all spells.
You blink.
The orc warrior completely misses you.
Casting: Blink (safe; 4% risk of failure)
Confirm with . or Enter, or press ? or * to list all spells.
You blink.
Your crimson imp blinks!
The orc warrior zaps a wand.
The mass of ice explodes!
The iceblast engulfs you! You partially resist.
You die...

#..################# #..# # #..#
# #..# # #..#################
##############...................
..................o>)............
.................○§..............
#########....5..@.§....##########
#..............# #<.........5...#
#............(.# #..............#
#..............# #..............#
#..............#
#########..............##########


You could see an orc warrior, a friendly crimson imp and a friendly shadow imp.

Vanquished Creatures
  Grinder (D:6)
  A hippogriff (D:8)
  A yak (D:7)
  3 wargs (D:8)
  2 soldier ants (D:9)
  A water moccasin (D:10)
  2 phantoms (D:4 D:5)
  An orc warrior (D:9)
  3 black bears (D:8 D:9 D:10)
  2 sky beasts (D:7)
  An ice beast (D:8)
  An eye of draining (D:9)
  3 centaurs (D:5 D:7 D:9)
  7 ogres (D:4 D:5 D:7 D:8)
  A big kobold (D:8)
  2 bullfrogs (D:7 D:10)
  2 scorpions (D:4 D:8)
  4 howler monkeys (D:5 D:4 D:6 D:9)
  A wight (D:9)
  A centaur zombie (D:7)
  5 crimson imps (D:7 D:8 D:9)
  A quasit (D:9)
  A centaur skeleton (D:7)
  3 hounds (D:6 D:7)
  A bullfrog skeleton (D:5)
  2 jellies (D:5 D:7)
  4 orc wizards (D:8)
  Jessica (D:2)
  Terence (D:2)
  4 iguanas (D:7 D:10)
  8 worker ants (D:2 D:4 D:5 D:6 D:8)
  A killer bee zombie (D:5)
  A big kobold zombie (Ossuary)
  A hound skeleton (D:8)
  A howler monkey zombie (D:10)
  4 gnolls (D:10)
  12 adders (D:2 D:3 D:5 D:4 D:7)
  3 shadow imps (D:6 D:10)
  2 adder zombies (D:7 D:9)
  3 adder skeletons (D:4 D:6 D:7)
  A worm (D:9)
  A dart slug (D:1)
  5 leopard geckos (D:2 D:3 D:8)
  22 orcs (D:2 D:3 D:5 D:6 D:7)
  2 ball pythons (D:1)
  3 bats (D:1 D:3)
  9 giant cockroaches (D:1 D:2 D:3 D:7 D:8)
  7 goblins (D:1 D:2 D:3)
  5 hobgoblins (D:1 D:2 D:3)
  4 quokkas (D:1 D:6 D:7 D:8)
  9 frilled lizards (D:1 D:2 D:3)
  A jackal skeleton (D:8)
  A jackal zombie (Ossuary)
  15 kobolds (D:1 D:2 D:3 D:8)
  4 rats (D:1 D:2)
188 creatures vanquished.

Vanquished Creatures (collateral kills)
  An efreet (D:9)
  A water moccasin (D:10)
  2 phantoms (D:4)
  A quasit (D:8)
  An adder (D:7)
  An adder zombie (Ossuary)
  A worm (D:3)
  A leopard gecko (D:3)
  An orc (D:1)
  A quokka (D:4)
  A jackal zombie (Ossuary)
12 creatures vanquished.

Vanquished Creatures (others)
  2 plants (D:10)
2 creatures vanquished.

Grand Total: 202 creatures vanquished

Notes
Turn   | Place    | Note
-------+----------+-------------------------------------------
     0 | D:1      | MachJacob the Demonspawn Wizard began the quest for the
                  | Orb.
     0 | D:1      | Reached XP level 1. HP: 13/13 MP: 4/4
   299 | D:1      | Gained mutation: You regenerate a little health from kills.
                  | [demonic ancestry]
   299 | D:1      | Reached XP level 2. HP: 17/19 MP: 0/6
   328 | D:1      | Learned a level 2 spell: Call Imp
  1283 | D:1      | Reached skill level 2 in Conjurations
  1545 | D:2      | Gained mutation: You have sharp fingernails. [demonic
                  | ancestry]
  1545 | D:2      | Reached XP level 3. HP: 24/24 MP: 4/7
  2487 | D:1      | Learned a level 3 spell: Conjure Flame
  2931 | D:2      | Noticed Terence
  2950 | D:2      | Noticed Jessica
  2964 | D:2      | Killed Jessica
  2964 | D:2      | Gained mutation: You have a somewhat thin skeletal
                  | structure. (Dex +2, Stealth) [demonic ancestry]
  2964 | D:2      | Reached XP level 4. HP: 10/30 MP: 0/9
  3584 | D:2      | Killed Terence
  3971 | D:2      | Learned a level 2 spell: Blink
  4195 | D:3      | Reached skill level 1 in Fire Magic
  4290 | D:3      | Gained mutation: You are immune to rotting. [demonic
                  | ancestry]
  4290 | D:3      | Reached XP level 5. HP: 35/35 MP: 3/10
  5630 | D:3      | Found a shimmering altar of Xom.
  5685 | D:4      | Learned a level 3 spell: Mephitic Cloud
  5721 | D:4      | Noticed a phantom
  5830 | D:4      | Reached skill level 3 in Conjurations
  6091 | D:4      | Noticed an ogre
  6174 | D:4      | Noticed a phantom
  6301 | D:4      | Noticed an ogre
  6356 | D:4      | Noticed a phantom
  6449 | D:5      | Entered Level 5 of the Dungeon
  6496 | D:5      | Reached skill level 1 in Shields
  6697 | D:5      | Noticed a centaur
  6713 | D:5      | Noticed an ogre
  6774 | D:5      | Reached XP level 6. HP: 39/41 MP: 11/11
  7567 | D:4      | Gained mutation: You have a moderately thin skeletal
                  | structure. (Dex +4, Stealth+) [demonic ancestry]
  7567 | D:4      | Reached XP level 7. HP: 46/46 MP: 12/12
  7924 | D:4      | Reached skill level 4 in Conjurations
  8328 | D:5      | Got a dull robe
  8764 | D:5      | Reached XP level 8. HP: 52/52 MP: 14/14
  8840 | D:5      | Reached skill level 5 in Conjurations
  8999 | D:6      | Got a translucent arbalest
  9132 | D:6      | Found a glowing golden altar of the Shining One.
  9503 | D:6      | Identified the cursed +0 robe "Geulaif" {rPois rF- rC++
                  | Int+4} (You found it on level 5 of the Dungeon)
  9542 | D:6      | Noticed Grinder
  9721 | D:6      | Killed Grinder
 10071 | D:7      | Found an ornate altar of the Wu Jian Council.
 10131 | D:7      | Reached skill level 6 in Conjurations
 10163 | D:7      | Found a staircase to the Ecumenical Temple.
 10187 | Temple   | Entered the Ecumenical Temple
 10290 | Temple   | Became a worshipper of Qazlal Stormbringer
 10460 | D:7      | Found an ancient bone altar of Kikubaaqudgha.
 10555 | D:7      | Found a sand-covered staircase.
 10561 | Ossuary  | Entered an ossuary
 10832 | D:7      | Reached skill level 5 in Spellcasting
 11104 | D:7      | Found a deep blue altar of Sif Muna.
 11149 | D:7      | Gained mutation: You have an unnaturally thin skeletal
                  | structure. (Dex +6, Stealth++) [demonic ancestry]
 11149 | D:7      | Reached XP level 9. HP: 49/57 MP: 16/16
 11245 | D:7      | Found an opulent altar of Gozag.
 11401 | D:7      | Found a hazy altar of Hepliaklqana.
 11702 | D:7      | Reached skill level 7 in Conjurations
 11863 | D:8      | Found a transporter.
 11865 | D:8      | Found a transporter.
 11866 | D:8      | Noticed firegrace's ghost (novice MiFi)
 12098 | D:8      | Reached * piety under Qazlal
 12153 | D:8      | Found a white marble altar of Elyvilon.
 12162 | D:8      | Reached skill level 5 in Dodging
 12410 | D:8      | Reached skill level 1 in Air Magic
 12410 | D:8      | Reached skill level 1 in Poison Magic
 12446 | D:8      | Reached skill level 1 in Fighting
 12873 | D:9      | Found Usucikk's Changing Room.
 12908 | D:9      | Found a staircase to the Orcish Mines.
 13429 | D:9      | Found a sparkling altar of Nemelex Xobeh.
 13429 | D:9      | Found an iron altar of Okawaru.
 13889 | D:9      | Reached XP level 10. HP: 59/70 MP: 19/19
 14038 | D:10     | Entered Level 10 of the Dungeon
 14210 | D:10     | Reached ** piety under Qazlal
 14232 | D:10     | Noticed a gargoyle
 14297 | D:10     | Found Agom's General Store.
 14369 | D:9      | Reached skill level 1 in Translocations
 15071 | D:10     | Noticed Harold
 15134 | D:10     | Paralysed by Harold for 7 turns
 15308 | D:10     | Paralysed by a hornet for 3 turns
 15321 | D:10     | Found a large runed translucent door.
 15321 | D:10     | Found a large runed translucent door.
 15327 | D:10     | Noticed a frost giant
 15717 | D:9      | Killed from afar by an orc warrior

Levels and vault maps discovered:
D:1:      dpeg_arrival_short_road, layout_basic, minmay_misc_feat_enclosed
D:2:      layout_loops_corners, uniq_jessica, uniq_terence
D:3:      minmay_chambers_of_threes, layout_basic,
          lemuel_coloured_pillars_altar, first_ration
D:4:      layout_loops_ring
D:5:      layout_basic, amethyst_killhole, kennysheep_generic_room_16
D:6:      layout_loops_ring, kennysheep_little_box, uniq_grinder
D:7:      minmay_cornered_nines, layout_gridville, overflow_temple_1_default,
          marbit_many_paths, lemuel_doored_altar,
          nicolae_overflow_hidden_temple, temple_statues,
          nicolae_ossuary_entry_monument
D:8:      layout_loops_ring, elyvilon_altar_5, gammafunk_ghost_mausoleum
D:9:      layout_long_grid, gammafunk_temple_overflow_wave,
          minmay_orc_entry_guard_dogs, hangedman_pestilent_swarm,
          nicolae_transmutations_shop
D:10:     minmay_the_grid_square_5x5_3x3
          [minmay_the_grid_square_5x5_beaten_path,
          minmay_the_grid_square_5x5_shuriken,
          minmay_the_grid_square_5x5_percent, minmay_the_grid_square_5x5_meh,
          minmay_the_grid_square_5x5_megaprize_hollow,
          minmay_the_grid_square_5x5_tie, minmay_the_grid_square_5x5_detours,
          minmay_the_grid_square_5x5_bridge,
          minmay_the_grid_square_5x5_hourglass], layout_rooms, lair_entry_dummy,
          serial_shops, shop, nicolae_shop_overgrown_old_shop,
          nicolae_shop_competitors_out_of_business, jmf_multi_god_temple2,
          uniq_harold, uniq_fannar
Temple:   jpeg_temple_clearing

Skill      XL: |  1  2  3  4  5  6  7  8  9 10 |
---------------+-------------------------------+-----
Dodging        | 2 3 4 5 |  5.0
Conjurations   | 2 3 4 6 7 |  7.3
Summonings     | 2 3 |  3.0
Fire Magic     | 1 2 3 4 |  4.1
Shields        | 1 2 3 4 |  4.0
Spellcasting   | 4 5 6 |  6.9
Air Magic      | 3 |  3.0
Poison Magic   | 3 |  3.1
Fighting       | 3 4 |  4.1
Translocations | 2 |  2.5
Stealth        | |  1.7

Action                   |  1- 3 |  4- 6 |  7- 9 | 10-12 || total
-------------------------+-------+-------+-------+-------++-------
Melee: Unarmed           |    42 |       |       |       ||    42
       Dagger            |    34 |   102 |    13 |     3 ||   152
       Scimitar          |       |       |       |     5 ||     5
 Cast: Magic Dart        |   102 |   187 |   463 |   177 ||   929
       Call Imp          |     3 |    25 |    37 |    13 ||    78
       Conjure Flame     |       |       |    27 |     9 ||    36
       Blink             |       |       |     8 |    32 ||    40
       Mephitic Cloud    |       |       |     2 |     1 ||     3
  Use: Scroll            |     1 |     9 |     7 |     1 ||    18
       Potion            |       |       |       |     2 ||     2
 Stab: Sleeping          |       |     1 |     1 |       ||     2
  Eat: Chunk             |     5 |     9 |    15 |     7 ||    36
       Ration            |       |     2 |     1 |       ||     3
Armor: Robe              |    24 |    26 |    48 |    11 ||   109
Dodge: Dodged            |    77 |    87 |   177 |    60 ||   401
Block: Buckler           |       |    18 |    68 |    31 ||   117
       Rpst.: Scimitar   |       |       |       |    10 ||    10

Table legend:
 A = Non-vault XP
 B = Vault XP
 C = Vault XP percentage of total XP
 D = Non-vault monster count
 E = Vault monster count
 F = Vault count percentage of total count
                 A         B        C        D         E       F
            +---------+---------+-------+---------+---------+-------
      Total |    5155 |    1906 |  27.0 |     166 |      34 |  17.0
            +---------+---------+-------+---------+---------+-------
        D:1 |      44 |       0 |   0.0 |      25 |       0 |   0.0
        D:2 |      61 |      58 |  48.7 |      17 |       2 |  10.5
        D:3 |      49 |      37 |  43.0 |      15 |      11 |  42.3
        D:4 |     703 |       0 |   0.0 |      12 |       0 |   0.0
        D:5 |     696 |      13 |   1.8 |      15 |       1 |   6.2
        D:6 |     151 |     205 |  57.6 |       8 |       1 |  11.1
        D:7 |     946 |     282 |  23.0 |      20 |       4 |  16.7
        D:8 |    1189 |     499 |  29.6 |      29 |       3 |   9.4
        D:9 |     640 |     779 |  54.9 |      10 |       7 |  41.2
       D:10 |     676 |       3 |   0.4 |      15 |       1 |   6.2
    Ossuary |       0 |      30 | 100.0 |       0 |       4 | 100.0
            +---------+---------+-------+---------+---------+-------
